 Dungeon Crawl Stone Soup version 0.18-a0-1425-g646b864 (webtiles) character file.

135 DarthRa the Ducker (level 5, -10/41 HPs)
             Began as a Human Monk on Feb 27, 2016.
             Mangled by an ice beast (11 damage)
             ... on level 2 of the Dungeon.
             The game lasted 00:19:08 (3247 turns).

DarthRa the Ducker (Human Monk)                     Turns: 3247, Time: 00:19:08

Health: -10/41     AC:  7    Str:  9 (11) XL:     5   Next: 42%
Magic:  5/5        EV: 13    Int: 14 (16) God:
Gold:   181        SH:  0    Dex: 13 (16) Spells: 0 memorised, 4 levels left

rFire  . . .     SeeInvis .     j - +3 short sword (drain)
rCold  . . .     Gourm    .     h - +0 leather armour
rNeg   . . .     Faith    .     (no shield)
rPois  .         Spirit   .     a - +0 helmet
rElec  .         Dismiss  .     (no cloak)
rCorr  .         Reflect  .     y - +1 pair of gloves
SustAt .         Harm     .     l - +0 pair of boots
MR     .....                    (no amulet)
Stlth  ++........               (no ring)
                                g - ring of wizardry

@: brilliant, not resistant to hostile enchantments, unstealthy
A: no striking features
a: no special abilities


You were on level 2 of the Dungeon.
You were not hungry.

You visited 1 branch of the dungeon, and saw 3 of its levels.

You collected 181 gold pieces.

Inventory:

Hand Weapons
 e - a +0 whip
 i - a +0 dagger
 j - a +3 short sword of draining (weapon)
 n - a +0 hunting sling
 u - a +1 mace
 B - a +0 short sword
Missiles
 c - 21 bolts
 d - 88 stones (quivered)
Armour
 a - a +0 helmet (worn)
 h - a +0 leather armour (worn)
 l - a +0 pair of boots (worn)
 p - a +0 chain mail
 y - a +1 pair of gloves (worn)
 z - a +0 ring mail
Jewellery
 g - a ring of wizardry (left hand)
Scrolls
 o - a scroll of fear {unknown}
 q - a scroll of identify
Potions
 x - a potion of flight
Books
 s - a book of Frost

   Spells                             Type                      Level
   a - Freeze                         Ice                          1
   b - Throw Frost                    Conjuration/Ice              2
   c - Ozocubu's Armour               Charms/Ice                   3
   d - Throw Icicle                   Conjuration/Ice              4
   e - Summon Ice Beast               Ice/Summoning                4
Comestibles
 b - 2 bread rations
 f - 2 chunks of flesh


   Skills:
 - Level 3.0 Fighting
 + Level 1.0 Short Blades
 * Level 4.8 Dodging
 + Level 3.4 Stealth
 - Level 4.0 Unarmed Combat


You had 4 spell levels left.
You didn't know any spells.

Dungeon Overview and Level Annotations

Branches:
Dungeon (3/15)

Altars:
Gozag
Nemelex Xobeh
Ru


Message History

The ice beast barely misses you.
You climb upwards.
There is a stone staircase leading down here.
The orc wizard hits you but does no damage.
The orc wizard gestures at you while chanting.
The puff of flame hits you!
The orc wizard points at you and mumbles some strange words.
The puff of flame hits you!
* * * LOW HITPOINT WARNING * * *
You open the door.
There is an open door here.
The orc wizard points at you and mumbles some strange words.
The puff of flame hits you!
* * * LOW HITPOINT WARNING * * *
You hit the ice beast.
The ice beast is moderately wounded.
The ice beast hits you.
* * * LOW HITPOINT WARNING * * *
The ice beast freezes you!
You die...

....#....###################...##
....#............#.............+.
....#............#.#########...##
....#...................####...##
..>.+............................
...##.....................#####.#
........................#.# #...
.....####......###......#.## #..#
....)...+.....oY@.......#..# #..#
#.##..#.#......###.#.##.#..###..#
...................#.##.#...##..#
#..................#.##.#.#.##..#
###................+....#........
...................#.####.##.##..
#.......#....###..........##.##..
........#....'..........#.##..#..
........#....###.#....#.#.###.#..


You could see an ice beast and an orc wizard.

Vanquished Creatures
  Robin (D:3)
  A gnoll (D:1)
  5 adders
  A worm (D:3)
  2 dart slugs (D:1)
  A giant gecko (D:2)
  A ball python (D:1)
  2 giant cockroaches
  15 goblins
  8 hobgoblins
  2 jackals (D:1)
  A quokka (D:2)
  3 bats
  6 giant newts
  10 kobolds
  4 rats
63 creatures vanquished.

Notes
Turn   | Place    | Note
--------------------------------------------------------------
     0 | D:1      | DarthRa the Human Monk began the quest for the Orb.
     0 | D:1      | Reached XP level 1. HP: 18/18 MP: 1/1
   212 | D:1      | Reached XP level 2. HP: 10/24 MP: 2/2
   566 | D:1      | Reached XP level 3. HP: 29/29 MP: 3/3
  1450 | D:2      | Reached XP level 4. HP: 35/35 MP: 4/4
  2295 | D:2      | Found a sacrificial altar of Ru.
  2699 | D:3      | Found a sparkling altar of Nemelex Xobeh.
  2703 | D:3      | Found an opulent altar of Gozag.
  2704 | D:3      | Reached XP level 5. HP: 41/41 MP: 5/5
  2761 | D:3      | Noticed Robin
  2787 | D:3      | Killed Robin
  2787 | D:3      | Reached skill level 1 in Short Blades
  3211 | D:3      | Noticed an ice beast
  3247 | D:2      | HP: 1/41 [ice beast (2)]
  3247 | D:2      | Mangled by an ice beast

Vault maps used:
D:1:      nicolae_arrival_somewhat_less_tricky_arrival, minmay_liquid_box
D:2:      nicolae_overflow_hidden_temple, kennysheep_potato
D:3:      grunt_temple_overflow_opulence, johnstein_pakellas_shop, uniq_robin,
          uniq_grinder

Skill      XL: |  1  2  3  4  5 |
---------------+----------------+-----
Dodging        | 4 |  4.8
Stealth        | 3 |  3.4
Short Blades   | 1 |  1.0
Fighting       | |  3.0
Unarmed Combat | |  4.0

Action                   |  1- 3 |  4- 6 || total
-------------------------+-------+-------++-------
Melee: Unarmed           |    82 |    52 ||   134
       Short sword       |       |    53 ||    53
Throw: Stone             |    73 |    99 ||   172
  Use: Scroll            |       |    10 ||    10
       Potion            |       |     8 ||     8
 Stab: Sleeping          |       |     1 ||     1
  Eat: Chunk             |     2 |     5 ||     7
